[Event "MČR 2022 blesk"]
[Site "Turnov, Czech Republic"]
[Date "2022.09.10"]
[Round "5.3"]
[White "Petr, Martin"]
[Black "Balacek, Tadeas"]
[Result "0-1"]
[TimeControl "2x 3 min + 2s/move"]
[WhiteElo "2446"]
[BlackElo "2257"]

1. e4 e6 2. Qe2 c5 3. g3 Nc6 4. Nf3 g6 5. Bg2 Bg7 6. O-O Nge7 7. c3 d5 8. e5 b6 9. d3 Qc7 10. Bf4 a5 11. a4 Ba6 12. Na3 h6 13. Nb5 Bxb5 14. axb5 Na7 15. h4 Nxb5 16. c4 Na7 17. d4 Nac6 18.
Rfd1 O-O 19. dxc5 bxc5 20. Qe3 d4 21. Qe4 Rab8 22. Rd2 Rb3 23. h5 Rxf3 24. Bxf3 g5 25. Kh2 gxf4 26. gxf4 Nf5 27. Rg1 Nce7 28. Bg4 Kh8 29. f3 Rg8 30. Rdg2 Qd8 31. Bxf5 Nxf5 32. Rg4 Ne3 33. R4g3 Qh4+ 34. Rh3 Qf2+ 35. Kh1 Bf8 36. Rxg8+ Kxg8 37. Qb1 Qg2# 38. Qd1 0-1

[Event "MČR 2022 blesk"]
[Site "Turnov, Czech Republic"]
[Date "2022.09.10"]
[Round "5.5"]
[White "Cech, Pavel"]
[Black "Polak, Tomas"]
[Result "1-0"]
[TimeControl "2x 3 min + 2s/move"]
[WhiteElo "2369"]
[BlackElo "2475"]

1. d4 Nf6 2. Bg5 e6 3. e4 d6 4. Nc3 Be7 5. Qd2 h6 6. Be3 Ng4 7. Bf4 e5 8. dxe5 dxe5 9.
Qxd8+ Bxd8 10. Bg3 Nd7 11. Be2 h5 12. h3 Ngf6 13. Nf3 Nc5 14. Bd3 O-O 15.
Bxe5 Re8 16. O-O c6 17. Rfe1 Be6 18. Bd4 Nxd3 19. cxd3 Be7 20. Rad1 c5 21. Be3 Red8 22. d4 cxd4 23.
Nxd4 Bd7 24. e5 Nh7 25. Nd5 Bf8 26. Nf4 h4 27. e6 fxe6 28. Ndxe6 Bxe6 29. Nxe6 Rxd1 30. Rxd1 a6 31. Rd7 b5 32. Bd4 Rc8 33. Nxf8 Kxf8 34. Rxg7 Rc1+ 35.
Kh2 Rc4 36. Be5 Re4 37. Rxh7 Rxe5 38. Rxh4 Re2 39. Rb4 Rxf2 40. a4 bxa4 41. Rxa4 Rf6 42. b4 Kg7 43. Ra5 Rb6 44. g4 Kf7 45. Kg3 Kg7 46. h4 Kf7 47. h5 Kg7 48. Kh4 Kh7 49. Ra2 Kg7 50. Ra4 Kh7 51. Kg5 Kg7 52.
Kf5 Kf7 53. g5 Kg7 54. Ra5 Kf7 55.
h6 Rd6 56. Rc5 Rb6 57. Rc7+ Kg8 58. g6 Rb5+ 59. Kf6 Rb6+ 60. Kf5 Rb5+ 61. Rc5 Rb8 62.
Ra5 Rb6 63. b5 1-0

[Event "MČR 2022 blesk"]
[Site "Turnov, Czech Republic"]
[Date "2022.09.10"]
[Round "5.6"]
[White "Roubalik, Jakub"]
[Black "Sodoma, Jan"]
[Result "0-1"]
[TimeControl "2x 3 min + 2s/move"]
[WhiteElo "2276"]
[BlackElo "2220"]

1. d4 Nf6 2. c4 e6 3. Nf3 b6 4. a3 Ba6 5. Qc2 c5 6. d5 exd5 7. cxd5 Be7 8.
Nc3 O-O 9. e4 Bxf1 10. Kxf1 d6 11.
g3 Nbd7 12. Kg2 a6 13. a4 c4 14. Nd4 Ne5 15. h3 Rc8 16. Be3 Qc7 17. g4 Qb7 18. f3 Nfd7 19.
Nf5 Rfe8 20. h4 Bf8 21. h5 Nc5 22.
g5 Ned3 23. Rag1 b5 24. axb5 axb5 25. Kf1 b4 26. g6 bxc3 27.
h6 fxg6 28. hxg7 Bxg7 29. Qh2 cxb2 30. Qxh7+ Kf8 31. Ke2 gxf5 32. Bd4 Ne5 33. Qxf5+ Qf7 34. Qh7 Qxf3+ 35. Kd2 Qd3+ 0-1

[Event "MČR 2022 blesk"]
[Site "Turnov, Czech Republic"]
[Date "2022.09.10"]
[Round "5.7"]
[White "Sykora, Marek"]
[Black "Nemec, Jachym"]
[Result "0-1"]
[TimeControl "2x 3 min + 2s/move"]
[WhiteElo "2084"]
[BlackElo "2130"]

1. e4 c5 2. Nc3 Nc6 3. g3 g6 4. Bg2 Bg7 5. d3 d6 6. f4 e6 7. Nf3 Nge7 8. O-O O-O 9. Be3 Rb8 10. Qd2 b5 11. g4 b4 12. Nd1 f5 13.
h3 a5 14. gxf5 gxf5 15. e5 Nd5 16.
exd6 Qxd6 17. c3 Ba6 18. c4 Nxe3 19. Qxe3 Nd4 20. Rf2 Nxf3+ 21. Qxf3 Bd4 22. Ne3 Kh8 23. Re2 Rg8 24. Kh1 Bb7 25. Qxb7 Rxb7 26. Bxb7 Qxf4 27. Ng2 Qg3 0-1

[Event "MČR 2022 blesk"]
[Site "Turnov, Czech Republic"]
[Date "2022.09.10"]
[Round "5.8"]
[White "Pisk, Petr"]
[Black "Marsalek, Zdenek"]
[Result "0-1"]
[TimeControl "2x 3 min + 2s/move"]
[WhiteElo "2312"]
[BlackElo "2203"]

1. d4 d5 2. Nf3 Nf6 3. Bg5 Ne4 4. Bf4 c5 5. e3 Qb6 6. Qc1 Nc6 7. c3 e6 8. Nbd2 Nxd2 9. Qxd2 Be7 10. Bd3 O-O 11. O-O Bd7 12. Qc2 f5 13. Ne5 Nxe5 14. Bxe5 Rac8 15. Qe2 Bd6 16. Bxd6 Qxd6 17. f4 a6 18. Rad1 Qb6 19. Rf2 Bb5 20.
Bxb5 axb5 21. dxc5 Rxc5 22. Rd4 Rc4 23. Qd3 Rfc8 24. Rd2 b4 25. cxb4 Qxb4 26. b3 Rc1+ 27. Kf2 Qc5 28. Re2 b5 29. Qd2 b4 30. Qxb4 Qa7 31. Qd6 R1c6 32. Qe5 h6 33. h4 Qa3 34.
Red2 Qc1 35. Kg3 Qe1+ 36. Kh3 Ra8 37. R4d3 Qf1 38. Kh2 Raa6 39. Rc3 Qe1 40.
Rxc6 Qxh4+ 41. Kg1 Rxc6 42. Qb2 Qe1+ 43. Kh2 Rc1 44. Re2 Qh4# 0-1

[Event "MČR 2022 blesk"]
[Site "Turnov, Czech Republic"]
[Date "2022.09.10"]
[Round "6.2"]
[White "Sodoma, Jan"]
[Black "Cerveny, Martin"]
[Result "0-1"]
[TimeControl "2x 3 min + 2s/move"]
[WhiteElo "2220"]
[BlackElo "2288"]

1. Nf3 d5 2. d4 Nf6 3. c4 c6 4. e3 Bg4 5. h3 Bh5 6.
Nc3 e6 7. g4 Bg6 8. Ne5 Nfd7 9.
Nxg6 hxg6 10. Bd2 a6 11. b3 Nf6 12. Bg2 Nbd7 13. Qe2 b5 14. g5 Nh5 15. h4 Rb8 16. e4 Bb4 17. exd5 Bxc3 18. Bxc3 cxd5 19. Bxd5 Nf4 20. Qe3 Qc7 21. Rc1 bxc4 22. bxc4 O-O 23. Bf3 Rfe8 24. O-O Nh3+ 25. Kh1 Nf4 26. c5 Nd5 27. Qd2 Rb5 28. a4 Rb3 29. Ba5 Qc6 30. Bg2 Reb8 31. Rfe1 Qxa4 32. Ra1 Qc6 33. Ra2 Qb5 34.
Rea1 Rb1+ 35. Kh2 Rxa1 36. Rxa1 Qc4 37. Ra2 Rb3 38.
Rc2 Qb5 39. c6 N7b6 40. Bxb6 Qxb6 41. Rc5 Nc7 42. Qc2 Rb2 43. Qc3 Rxf2 44. d5 exd5 45. Qe3 Rc2 46. Rc3 Qxe3 47. Rxe3 Rxc6 48. Re7 Kf8 49. Rd7 Ke8 0-1

[Event "MČR 2022 blesk"]
[Site "Turnov, Czech Republic"]
[Date "2022.09.10"]
[Round "6.3"]
[White "Balacek, Tadeas"]
[Black "Sykora, Marek"]
[Result "1-0"]
[TimeControl "2x 3 min + 2s/move"]
[WhiteElo "2257"]
[BlackElo "2084"]

1. d4 d5 2. c4 c6 3. cxd5 cxd5 4.
Bf4 Nf6 5. Nc3 e6 6. e3 Bd6 7. Bxd6 Qxd6 8. f4 O-O 9. Bd3 b6 10. Nf3 Ba6 11. Bxa6 Nxa6 12. a3 Nc7 13. Qd3 Rac8 14. O-O Nce8 15.
Rac1 Qb8 16. Ne5 Nd6 17.
Nb5 Rxc1 18. Rxc1 Rc8 19. Rxc8+ Nxc8 20. f5 a6 21. Nc3 b5 22. fxe6 fxe6 23. e4 Nd6 24. exd5 exd5 25. Qf3 Qb7 26.
h3 Nde4 27. Qf5 1-0

[Event "MČR 2022 blesk"]
[Site "Turnov, Czech Republic"]
[Date "2022.09.10"]
[Round "6.5"]
[White "Vykouk, Jan"]
[Black "Stocek, Jiri"]
[Result "1/2-1/2"]
[TimeControl "2x 3 min + 2s/move"]
[WhiteElo "2352"]
[BlackElo "2384"]

1. e4 Nf6 2. e5 Nd5 3. d4 d6 4. Nf3 dxe5 5. Nxe5 c6 6. Be2 Bf5 7. O-O Nd7 8. Nf3 e6 9. c4 N5f6 10.
Nc3 Ne4 11. Nxe4 Bxe4 12. Ng5 Bg6 13.
d5 exd5 14. cxd5 Be7 15. dxc6 bxc6 16. Nf3 O-O 17. Be3 Bf6 18. Bd4 Re8 19. Rc1 Bxd4 20. Nxd4 Ne5 21. Bf3 Nxf3+ 22. Nxf3 Qa5 23. a3 Rab8 24. Qd6 Rxb2 25. Qxc6 Rbb8 26. Nh4 Qxa3 27. Nxg6 hxg6 28. Ra1 Qe7 29. g3 Rb6 30. Qa4 a6 31. Qc4 Qb7 32. Ra5 Rb5 33. Rxb5 axb5 34. Qb4 Re4 35. Qd6 Re8 36. Rb1 Qe4 37. Rf1 Qc4 38. h4 Qe4 1/2-1/2

[Event "MČR 2022 blesk"]
[Site "Turnov, Czech Republic"]
[Date "2022.09.10"]
[Round "6.6"]
[White "Neuman, Petr"]
[Black "Kraus, Tomas"]
[Result "1/2-1/2"]
[TimeControl "2x 3 min + 2s/move"]
[WhiteElo "2352"]
[BlackElo "2389"]

1. e4 c5 2. Nf3 e6 3. g3 Nc6 4.
Bg2 Nf6 5. Qe2 e5 6. O-O Be7 7. c3 O-O 8. d3 h6 9. Na3 Re8 10. Nc4 Bf8 11. Ne3 d5 12. Nh4 Be6 13. Bd2 g6 14. Be1 d4 15. Nc2 Bg7 16. c4 a6 17. f4 exf4 18. gxf4 Bg4 19. Qf2 Qd7 20. b4 b6 21. Rb1 Rab8 22. a3 Kh7 23. Bd2 Nh5 24. Kh1 a5 25. b5 Ne7 26. Rg1 Bh3 27. Bf3 Nf6 28. Rg3 Be6 29. Rbg1 Rg8 30. Qg2 Bh8 31. Qf2 Qc7 32. e5 Nd7 33. Be4 Nf8 34. f5 gxf5 35. Nxf5 Nxf5 36. Bxf5+ Ng6 37. Bxe6 fxe6 38. Qg2 Qb7 39. Ne1 Qxg2+ 40. R1xg2 Nxe5 41. Rxg8 Rxg8 42. Re2 Rf8 43. Kg2 Rf5 44.
Kg3 Bf6 45. Bf4 Kg6 46. Bxe5 Bxe5+ 47. Kg2 Kf6 48. Nf3 Bf4 49. Re4 e5 50. a4 Be3 51. Rg4 Bg5 52. h4 Be3 53. Rg8 e4 54. dxe4 Rf4 55. Rb8 Rxe4 56. Rxb6+ Kf5 57. Rd6 Re6 58. Rd5+ Kf6 59. Rxc5 Rd6 60. Rd5 Rxd5 61. cxd5 Ke7 62. b6 Kd6 63. Ne1 Kxd5 64. b7 Bf4 65. Kf3 Bd6 66. Nd3 Kc6 67.
Ke4 Kxb7 68. h5 Kc7 69. Kxd4 Kc6 70. Nb2 Bb4 71. Nc4 Be1 72. Ne5+ Kc7 73. Ng4 Bd2 74. Kd5 Kd7 75. Nf6+ Kc7 76. Ne4 Be1 77. Kc5 Kd7 78. Kd5 Kc7 79. Nd6 Kd7 80.
Nf5 Bd2 81. Ke5 Kc6 82. Nd4+ Kd7 83. Kf5 Kd6 84. Kg6 Ke7 85. Nf5+ Ke6 86. Nxh6 Bxh6 87. Kxh6 Kf6 88. Kh7 Kf7 89. h6 Kf8 90. Kg6 Kg8 1/2-1/2

[Event "MČR 2022 blesk"]
[Site "Turnov, Czech Republic"]
[Date "2022.09.10"]
[Round "6.7"]
[White "Finek, Vaclav"]
[Black "Petr, Martin"]
[Result "1-0"]
[TimeControl "2x 3 min + 2s/move"]
[WhiteElo "2101"]
[BlackElo "2446"]

1. d4 d5 2. c4 e6 3. Nf3 Nf6 4.
g3 dxc4 5. Bg2 c5 6. O-O Nc6 7. dxc5 Qxd1 8. Rxd1 Bxc5 9. Nbd2 c3 10. bxc3 Bd7 11. Bb2 O-O 12. c4 Rfd8 13. Nb3 Be7 14. Nfd4 Rac8 15. Rac1 b6 16. Nb5 Be8 17.
Rxd8 Rxd8 18. Bxc6 Bxc6 19. Nxa7 Bb7 20. Nb5 Ne4 21.
f3 Nc5 22. Kf2 f6 23. Ke1 Kf7 24. Bd4 Ra8 25. Bxc5 bxc5 26. Rc2 Bc6 27.
Kd2 e5 28. Nc3 f5 29. e4 Bg5+ 30.
Ke2 fxe4 31. Nxe4 Bxe4 32. fxe4 Be7 33. Nc1 Ke6 34. Nd3 Ra3 35. Rb2 Kd6 36. Kd2 Bg5+ 37. Kc2 Ra6 38. Kb1 Be3 39. Rb3 Bd4 40. Nb2 Kc7 41. Nd1 Rf6 42. Rd3 Kb6 43.
Rb3+ Ka5 44. Rb5+ Ka6 45. Kc2 Rf3 46. Rb8 Ka7 47.
Rg8 Ra3 48. Rxg7+ Kb6 49. Rxh7 Rxa2+ 50. Kd3 Ra3+ 51. Ke2 Ra2+ 52. Ke1 Ka6 53.
Rh8 Rg2 54. Kf1 Rd2 55. Ke1 Rg2 56. h4 Rxg3 57. h5 Rh3 58. h6 Kb7 59. h7 Rh4 60. Kf1 Rh1+ 61. Kg2 Rh6 62. Kf3 Rh1 63. Kg4 Rxd1 64. Re8 Rh1 65. h8=Q Rxh8 66. Rxh8 Kb6 67. Kf5 Ka5 68.
Rb8 Ka4 69. Ke6 Bc3 70. Kd5 Bd4 71. Rb5 1-0

[Event "MČR 2022 blesk"]
[Site "Turnov, Czech Republic"]
[Date "2022.09.10"]
[Round "7.1"]
[White "Vykouk, Jan"]
[Black "Plat, Vojtech"]
[Result "0-1"]
[TimeControl "2x 3 min + 2s/move"]
[WhiteElo "2352"]
[BlackElo "2484"]

1. Nf3 d6 2. d4 Bg4 3. b3 Nd7 4. Bb2 c6 5. e3 Ngf6 6.
Be2 Qc7 7. Nbd2 a5 8. c4 e5 9. Qc2 Be7 10. O-O O-O 11. Rfe1 Rfe8 12. e4 Bf8 13. Rad1 Bh5 14. Nh4 Bg6 15. Nxg6 hxg6 16. Bf1 a4 17. Rc1 axb3 18. axb3 Qb6 19. c5 Qc7 20. b4 exd4 21. Bxd4 dxc5 22. bxc5 Ng4 23. g3 Red8 24. Qc3 Nxc5 25. h3 Ne6 26. Nf3 Ra3 27. Qb2 Rxf3 28. Bb6 Qe5 29. Qxe5 Nxe5 30. Bxd8 Nxd8 31. Red1 Ne6 32. Bg2 Rb3 33. f4 Nd3 34. Rb1 Rxb1 35. Rxb1 b5 36. e5 Nb4 37.
Rc1 c5 38. Rb1 c4 39. Kh2 c3 40. Be4 c2 41. Rc1 Nd4 42.
g4 Na2 43. Rxc2 Nxc2 44. Bxc2 b4 45. f5 gxf5 46.
gxf5 Nc1 47. e6 fxe6 48. fxe6 Be7 49. Kg3 Ne2+ 50. Kf2 Nd4 51. Bb1 b3 52. Ke3 Nxe6 53. Kd3 Nc5+ 54. Kc4 Kf7 55. Kd4 0-1

[Event "MČR 2022 blesk"]
[Site "Turnov, Czech Republic"]
[Date "2022.09.10"]
[Round "7.2"]
[White "Cerveny, Martin"]
[Black "Kraus, Tomas"]
[Result "0-1"]
[TimeControl "2x 3 min + 2s/move"]
[WhiteElo "2288"]
[BlackElo "2389"]

1. d4 d5 2. c4 e6 3. Nc3 Nf6 4. Bg5 c6 5. e3 Nbd7 6. cxd5 exd5 7. Bd3 Be7 8. Qc2 h6 9. Bh4 Nh5 10. Bxe7 Qxe7 11. Nge2 Nb6 12. O-O O-O 13. Rac1 Bd7 14.
Na4 Nxa4 15. Qxa4 Rfe8 16. Qc2 g6 17. a3 a5 18. Qc5 Qxc5 19. Rxc5 Ng7 20. Rfc1 Bf5 21. Bxf5 Nxf5 22. Nc3 Nd6 23. Na4 Nc4 24.
R5xc4 dxc4 25. Nb6 Rad8 26. Rxc4 Re6 27. g3 c5 28. dxc5 Rd1+ 29. Kg2 Rd2 30. b4 axb4 31. axb4 Rxe3 32. Rf4 Rb3 33. Nc4 Rd7 34.
Na5 Rb2 35. h4 h5 36. Re4 Kg7 37. Rf4 Re7 38. c6 bxc6 39. Nxc6 Re6 40. Nd4 Rf6 41. b5 Rxf4 42. gxf4 Rb4 43. Nc6 Rxb5 44. Kf3 Rb2 45. Ne5 Ra2 46.
Nc4 Rc2 47. Ne3 Rc3 48. Ke4 Ra3 49. Kf3 Ra1 50.
Kg3 Kf6 51. Kf3 Ke6 52. Kg3 f5 53. Kf3 Rc1 54. Kg3 Kd6 55. Kf3 Kc5 56. Kg3 Kd4 57. Kf3 Kd3 58. Nd5 Ra1 59. Ne7 Rg1 60. Nc6 Kc4 61. Ne5+ Kd5 62. Nd7 Ke6 63. Nc5+ Kd6 64. Nd3 Rg5 65. Ne5 Rg1 66. Nf7+ Ke6 67. Ne5 Kf6 68.
Nd7+ Ke7 69. Ne5 Ke6 70. Ke3 Kf6 71. Kf3 Rh1 72. Kg3 Ra1 73. Nc4 Rc1 74. Ne5 Rc3+ 75. f3 Re3 76. Kf2 Rxe5 77. fxe5+ Kxe5 78. Ke3 f4+ 79. Kd3 Kf5 80. Ke2 g5 81.
hxg5 Kxg5 82. Kf2 Kf5 83. Kg2 Ke5 84. Kh3 Kd4 0-1

[Event "MČR 2022 blesk"]
[Site "Turnov, Czech Republic"]
[Date "2022.09.10"]
[Round "7.3"]
[White "Finek, Vaclav"]
[Black "Balacek, Tadeas"]
[Result "1/2-1/2"]
[TimeControl "2x 3 min + 2s/move"]
[WhiteElo "2101"]
[BlackElo "2257"]

1. d4 Nf6 2. Nf3 e6 3. g3 d5 4.
c4 Bb4+ 5. Bd2 Bd6 6. Bg2 c6 7. Qc2 Nbd7 8. O-O O-O 9. Bf4 Bxf4 10. gxf4 b6 11. Nbd2 Bb7 12.
Ne5 Rc8 13. e3 Qe7 14. Rac1 h6 15.
Rfd1 Rfd8 16. Qa4 a5 17. cxd5 cxd5 18. Nc6 Bxc6 19. Rxc6 Rxc6 20. Qxc6 Qb4 21. Qc2 Qd6 22. Nf3 g6 23. Ne5 Kg7 24. Rc1 Rb8 25. Bf1 g5 26. Qc7 Qxc7 27. Rxc7 Nxe5 28. fxe5 Ne4 29. Bb5 g4 30. Kg2 Kg6 31. a4 h5 32. f3 gxf3+ 33. Kxf3 Ng5+ 34. Ke2 h4 35. Bd3+ Kg7 36. b3 Kh6 37. Kf2 Kg7 38. Ke2 Kh6 39. Rc6 Kg7 40. Bb5 Kh6 41.
Rc7 Kg7 42. Kf2 Kh6 43. Ke2 Kg7 1/2-1/2

[Event "MČR 2022 blesk"]
[Site "Turnov, Czech Republic"]
[Date "2022.09.10"]
[Round "7.5"]
[White "Novotny, Michal"]
[Black "Polak, Tomas"]
[Result "1/2-1/2"]
[TimeControl "2x 3 min + 2s/move"]
[WhiteElo "2294"]
[BlackElo "2475"]

1. e4 c6 2. d4 d5 3. e5 Bf5 4. Nf3 e6 5. Be2 Nd7 6. O-O Ne7 7. a4 h6 8. a5 a6 9. b4 Bh7 10.
c3 g5 11. Ne1 Qc7 12. Bd3 Bf5 13. f4 gxf4 14. Bxf4 O-O-O 15. Nd2 Bxd3 16. Nxd3 Nf5 17. Nb3 Be7 18. Nbc5 Rdg8 19. Ra2 h5 20. Nxd7 Qxd7 21. Nc5 Qd8 22. Qd3 Bxc5 23. bxc5 Rg4 24. h3 Rg6 25. Rb1 Rhg8 26. Rab2 Qe7 27.
Kh1 Qc7 28. Rxb7 Qxb7 29. Rxb7 Kxb7 30. Qb1+ Kc8 31. Qb6 Rxg2 32. Qxc6+ Kd8 33. Qb6+ Ke7 34. Qb7+ Ke8 35. Qc8+ Ke7 36. Qb7+ Ke8 1/2-1/2

[Event "MČR 2022 blesk"]
[Site "Turnov, Czech Republic"]
[Date "2022.09.10"]
[Round "7.6"]
[White "Roubalik, Jakub"]
[Black "Nagy, Ladislav"]
[Result "1-0"]
[TimeControl "2x 3 min + 2s/move"]
[WhiteElo "2276"]
[BlackElo "2189"]

1. d4 Nf6 2. c4 e6 3. Nf3 d5 4. Nc3 Be7 5. Bg5 O-O 6. e3 h6 7. Bxf6 Bxf6 8. Qc2 Nc6 9.
a3 a5 10. Bd3 Re8 11. Rd1 b6 12. cxd5 exd5 13. O-O Ne7 14. Ne5 c5 15. Bb5 Rf8 16. f4 Bf5 17. Qf2 c4 18. h3 Bxe5 19. dxe5 Bd3 20. Rfe1 Qc7 21. e4 dxe4 22. Nxe4 Rfd8 23. Nd6 Nf5 24. Rxd3 cxd3 25. Nxf5 d2 26. Rd1 Qc1 27. Be2 Qc2 28. Nd6 Qxb2 29. Bc4 Qc1 30. Qxd2 Qxd2 31. Rxd2 Rab8 32. Bxf7+ Kf8 33. Bg6 b5 34. Rc2 b4 35. axb4 axb4 36. Rc7 b3 37. Bh7 Rxd6 38. exd6 b2 39. Bb1 Rb6 40. Rc2 Rxd6 41. Rxb2 Rd1+ 42. Kf2 Kf7 43. Kf3 Rd4 44. Be4 Kf6 45. Rb6+ Ke7 46. g4 Ra4 47. g5 Ra3+ 48. Kg4 Re3 49. Bf5 hxg5 50. fxg5 Ra3 51. Rb7+ Kf8 52. Kh5 Ra5 53. Be4 Ra3 54. h4 Ra6 55.
Bd3 Rd6 56. Bc4 Rc6 57. Rf7+ Ke8 58. Rf4 Rb6 59. Re4+ Kf8 60. Be6 Rd6 61. Kg6 Rb6 62. h5 Rd6 63. Kh7 Rb6 64. g6 Rxe6 65. Rf4+ Ke7 66. Kxg7 Re5 67. h6 1-0

[Event "MČR 2022 blesk"]
[Site "Turnov, Czech Republic"]
[Date "2022.09.10"]
[Round "7.7"]
[White "Vybiral, Zdenek"]
[Black "Nemec, Jachym"]
[Result "0-1"]
[TimeControl "2x 3 min + 2s/move"]
[WhiteElo "2162"]
[BlackElo "2130"]

1. c4 c6 2. e4 d5 3. exd5 cxd5 4. d4 Nf6 5. Nc3 Nc6 6. Bg5 Be6 7. Be2 h6 8. Bxf6 exf6 9. Bf3 Bb4 10. Nge2 O-O 11. O-O Bxc3 12. Nxc3 Ne7 13. c5 g5 14. b4 Qd7 15.
g3 Kg7 16. Qa4 Qxa4 17. Nxa4 Nc6 18. Rfd1 Nxb4 19. Rab1 Nc6 20. Rxb7 Rfb8 21. Rc7 Rc8 22. Rxc8 Rxc8 23. Nc3 Rd8 24. Kf1 f5 25. Ke2 Kf6 26. Ke3 Re8 27.
Kd3 Rd8 28. Rd2 f4 29. g4 h5 30.
h3 hxg4 31. Bxg4 Kg6 32. Re2 Kf6 33. Rb2 Rd7 0-1

[Event "MČR 2022 blesk"]
[Site "Turnov, Czech Republic"]
[Date "2022.09.10"]
[Round "7.8"]
[White "Pisk, Petr"]
[Black "Richtrova, Eliska"]
[Result "1-0"]
[TimeControl "2x 3 min + 2s/move"]
[WhiteElo "2312"]
[BlackElo "2129"]

1. d4 Nf6 2. Bg5 e6 3. e4 h6 4. Bxf6 Qxf6 5. c3 Qg6 6. Nd2 d6 7. Ngf3 Be7 8. Bd3 Nd7 9. O-O O-O 10. Re1 e5 11. a4 c6 12. Nc4 Re8 13. dxe5 dxe5 14. Ncxe5 Nxe5 15. Nxe5 Qf6 16. Nf3 Bg4 17. Be2 Bc5 18. h3 Bxf3 19. Bxf3 a5 20. Qc2 Re7 21. Rad1 Rae8 22. Rd3 Qf4 23. Red1 g6 24. Rd7 Kg7 25. Rxe7 Rxe7 26. Qd2 Qh4 27. Qc2 h5 28. b4 axb4 29. cxb4 Bxb4 30. Qb2+ Qf6 31. Qxb4 Kh7 32. Qd4 Qg5 33. Qd8 Qe5 34. h4 c5 35. Rd7 Rxd7 36. Qxd7 Kg7 37. Qxb7 c4 38. g3 Qa1+ 39. Kg2 Qxa4 40. e5 Qb3 41. Qxb3 cxb3 42. Bd5 b2 43. Ba2 Kf8 44.
Kf3 Ke7 45. Ke4 1-0

[Event "MČR 2022 blesk"]
[Site "Turnov, Czech Republic"]
[Date "2022.09.10"]
[Round "8.2"]
[White "Roubalik, Jakub"]
[Black "Cerveny, Martin"]
[Result "1/2-1/2"]
[TimeControl "2x 3 min + 2s/move"]
[WhiteElo "2276"]
[BlackElo "2288"]

1. d4 d5 2. c4 c6 3. Nc3 Nf6 4. cxd5 cxd5 5. Bf4 Nc6 6. e3 a6 7. Rc1 e6 8. Nf3 Be7 9. Ne5 Bd7 10. Bd3 Rc8 11. O-O O-O 12. Qf3 Nxe5 13. Bxe5 g6 14. h3 b5 15. Ne2 Ne8 16. Rxc8 Qxc8 17. Rc1 Qb7 18. Qg3 Qb6 19. h4 Bd6 20. a3 Bxe5 21. Qxe5 Nd6 22. b3 Rc8 23. Rxc8+ Nxc8 24. h5 Qd6 25. Qxd6 Nxd6 26. hxg6 hxg6 27. Kf1 Kf8 28. Ke1 Ke7 29.
Kd2 Nc8 30. Kc3 Kd6 31. Nc1 a5 32. Be2 f6 33. Nd3 e5 34. Nc5 Bc6 1/2-1/2

[Event "MČR 2022 blesk"]
[Site "Turnov, Czech Republic"]
[Date "2022.09.10"]
[Round "8.3"]
[White "Balacek, Tadeas"]
[Black "Nemec, Jachym"]
[Result "1/2-1/2"]
[TimeControl "2x 3 min + 2s/move"]
[WhiteElo "2257"]
[BlackElo "2130"]

1. d4 d5 2. c4 c6 3. cxd5 cxd5 4. Bf4 Nc6 5. e3 Nf6 6. Nc3 Bg4 7. Be2 Bxe2 8. Qxe2 e6 9. Nf3 a6 10.
O-O Be7 11. h3 O-O 12. Rfc1 Qa5 13. a3 Rfc8 14. b4 Qd8 15. Na4 Ne4 16.
Nc5 Bxc5 17. dxc5 Qe7 18. Qb2 Re8 19. Rd1 Rad8 20. Qb3 e5 21. Bh2 Qe6 22. a4 f6 23. Nd2 Nxd2 24. Rxd2 a5 25. b5 Nb4 26.
Rc1 Qf7 27. f3 Rc8 28. Bg3 Qe7 29. Rxd5 Nxd5 30. Qxd5+ Kh8 31. e4 Red8 32. Qc4 Rd4 33. Qc2 Rcd8 34. Be1 Qc7 35. h4 Rd3 36. b6 Qc6 37.
Bxa5 R3d4 38. Be1 Rxa4 39. Bf2 Raa8 40. Qc4 Rd7 41. Kh2 Rad8 42. Kg3 h5 43. Rc2 Kh7 44. Qe2 Rd1 45. Be3 R1d3 46. Kh2 R3d7 1/2-1/2

[Event "MČR 2022 blesk"]
[Site "Turnov, Czech Republic"]
[Date "2022.09.10"]
[Round "8.5"]
[White "Novotny, Michal"]
[Black "Vykouk, Jan"]
[Result "1/2-1/2"]
[TimeControl "2x 3 min + 2s/move"]
[WhiteElo "2294"]
[BlackElo "2352"]

1. e4 c5 2. Nf3 Nc6 3. Bb5 g6 4. O-O Bg7 5. Re1 e5 6.
Bxc6 bxc6 7. c3 Ne7 8. d4 cxd4 9. cxd4 exd4 10. Nxd4 O-O 11. Nc3 d6 12. Bf4 Bb7 13. Nb3 Nc8 14. Qd2 a5 15.
Rad1 Qb6 16. Be3 c5 17. Nd5 Bxd5 18. Qxd5 Rb8 19. Re2 a4 20. Nc1 Ne7 21.
Qc4 Bxb2 22. Qxa4 Be5 23. f4 Bg7 24. Qd7 Nc6 25. Red2 Nd4 26. Ne2 Rfd8 27. Qa4 Ra8 28. Qc4 Re8 29. Nxd4 Rxe4 30. Qd5 Rae8 31. Nc2 Rxe3 32. Nxe3 Rxe3 33.
Qxd6 Qxd6 34. Rxd6 Bd4 35. R6xd4 cxd4 36. Rxd4 Ra3 37. Rd2 Kg7 38. Kf2 h5 39.
g3 Kf6 40. Rb2 Kf5 41. Kg2 Ke5 1/2-1/2

[Event "MČR 2022 blesk"]
[Site "Turnov, Czech Republic"]
[Date "2022.09.10"]
[Round "8.6"]
[White "Kraus, Tomas"]
[Black "Nagy, Ladislav"]
[Result "1-0"]
[TimeControl "2x 3 min + 2s/move"]
[WhiteElo "2389"]
[BlackElo "2189"]

1. c4 e5 2. Nc3 Nc6 3. Nf3 g6 4. d4 exd4 5. Nxd4 Bg7 6.
Nxc6 bxc6 7. g3 Ne7 8. Bg2 O-O 9. O-O Bb7 10. e4 Rb8 11. Qc2 c5 12. b3 Nc6 13. Bb2 Nd4 14.
Qd2 Re8 15. f4 d6 16. Rad1 Bc6 17. Rfe1 Qc8 18. Re3 Qb7 19.
Rde1 a5 20. Ne2 a4 21. Nxd4 cxd4 22. Bxd4 axb3 23. Bxg7 Kxg7 24. Qd4+ Kg8 25. axb3 f5 26. exf5 Rxe3 27. Rxe3 Bxg2 28. Re7 c5 29. Qg7# 1-0

[Event "MČR 2022 blesk"]
[Site "Turnov, Czech Republic"]
[Date "2022.09.10"]
[Round "8.7"]
[White "Vybiral, Zdenek"]
[Black "Finek, Vaclav"]
[Result "0-1"]
[TimeControl "2x 3 min + 2s/move"]
[WhiteElo "2162"]
[BlackElo "2101"]

1. d4 Nf6 2. Bg5 c5 3.
dxc5 Qa5+ 4. Nc3 Qxc5 5.
Nf3 d6 6. e4 Bg4 7. Qd2 Bxf3 8. gxf3 Nbd7 9. Bb5 a6 10. Bxd7+ Nxd7 11. Nd5 e6 12. Nc3 Ne5 13. Qe2 Nxf3+ 14. Qxf3 Qxg5 15. h4 Qc5 16.
Rg1 Rc8 17. O-O-O b5 18. Rg5 Qc4 19.
a3 g6 20. Qf6 Rg8 21. e5 Be7 22. Qf3 Bxg5+ 23. hxg5 d5 24. Kb1 a5 25. Qe3 b4 26. axb4 axb4 27. Rd4 Qc5 28. Na4 Qxc2+ 29. Ka2 Qxa4+ 30. Kb1 Qc2+ 31. Ka1 Ra8+ 0-1

[Event "MČR 2022 blesk"]
[Site "Turnov, Czech Republic"]
[Date "2022.09.10"]
[Round "8.8"]
[White "Simacek, Pavel"]
[Black "Richtrova, Eliska"]
[Result "1-0"]
[TimeControl "2x 3 min + 2s/move"]
[WhiteElo "2365"]
[BlackElo "2129"]

1. e4 c6 2. d4 d5 3. Nc3 g6 4. Nf3 Bg7 5. h3 Nh6 6. Bf4 f6 7. exd5 cxd5 8. Nb5 Na6 9. c4 Nf7 10. Nc3 dxc4 11.
Bxc4 O-O 12. O-O Nc7 13. Re1 a6 14. Bb3 b5 15. Bxc7 Qxc7 16. Nd5 Qd8 17.
Rxe7 Kh8 18. Qe2 Nd6 19.
Rc1 Bf5 20. Rcc7 Ne8 21. Rc5 Rb8 22. Nh4 Bd7 23. Qe4 f5 24. Nxg6+ 1-0

[Event "MČR 2022 blesk"]
[Site "Turnov, Czech Republic"]
[Date "2022.09.10"]
[Round "9.1"]
[White "Buchcar, Tomas"]
[Black "Plat, Vojtech"]
[Result "0-1"]
[TimeControl "2x 3 min + 2s/move"]
[WhiteElo "2124"]
[BlackElo "2484"]

1. e4 d6 2. d4 Nf6 3. Nc3 e5 4. Nf3 Nbd7 5. h3 Be7 6. Be3 O-O 7. Be2 c6 8. O-O b5 9. a3 a6 10. Re1 Bb7 11. Bf1 Re8 12.
Qd2 Bf8 13. Rad1 exd4 14. Bxd4 c5 15. Bxf6 Nxf6 16. Qf4 Qc7 17. g3 b4 18. Nd5 Nxd5 19. exd5 Rxe1 20. Nxe1 bxa3 21. bxa3 Re8 22. Ng2 g6 23. Ne3 Bg7 24. Nc4 Be5 25. Qh4 Bd4 26. Qf4 Rd8 27. Bg2 a5 28. Ne3 Be5 29.
Qf3 Ba6 30. Ng4 Bg7 31. Qf4 Qe7 32. Bf3 h5 33. Ne3 Be5 34. Qe4 Qf6 35. Kg2 Bd4 36. c4 Bc8 37. Qc2 Bd7 38. Re1 Kg7 39. Nf1 Qf5 40. Qxf5 Bxf5 41. Ne3 Bd7 42. Bd1 Rb8 43. Bc2 Rb2 0-1

[Event "MČR 2022 blesk"]
[Site "Turnov, Czech Republic"]
[Date "2022.09.10"]
[Round "9.5"]
[White "Polak, Tomas"]
[Black "Vichnar, David"]
[Result "1-0"]
[TimeControl "2x 3 min + 2s/move"]
[WhiteElo "2475"]
[BlackElo "2317"]

1. Nf3 d5 2. c4 c6 3. e3 Nf6 4.
Nc3 e6 5. b3 Be7 6. Bb2 O-O 7. d4 Nbd7 8. Bd3 b6 9. O-O Bb7 10. Qe2 c5 11. cxd5 exd5 12. Rac1 Re8 13. Rfd1 Rc8 14. Bb5 Bd6 15. h3 Qe7 16.
Qd3 Ne4 17. dxc5 Ndxc5 18. Qd4 Red8 19. Nxe4 Ne6 20. Nf6+ gxf6 21. Qh4 Ng5 22. Bd3 Ne4 23. Bxe4 1-0